 Dungeon Crawl Stone Soup version 0.29.1-15-g9cfb28693d (webtiles) character file.

Game seed: 15172401216813930609

10761 Anriel the Basher (level 11, -3/92 HPs)
             Began as a Demigod Gladiator on Mar 31, 2023.
             Shot with an arrow by a centaur warrior (15 damage)
             ... on level 9 of the Dungeon.
             The game lasted 00:46:48 (10478 turns).

Anriel the Basher (Demigod Gladiator)              Turns: 10478, Time: 00:46:49

Health: -3/92      AC: 22    Str: 27      XL:     11   Next: 17%
Magic:  14/14      EV: 10    Int:  9 (10) God:
Gold:   336        SH:  0    Dex: 14 (15) Spells: 10/10 levels left

rFire   + . .      SeeInvis .   d - +5 dire flail (holy)
rCold   . . .      Faith    .   (shield currently unavailable)
rNeg    . . .      Spirit   .   p - +0 plate armour
rPois   .          Reflect  .   y - +2 hat
rElec   .          Harm     .   j - +0 cloak {Stlth+}
rCorr   .          Rampage  .   k - +1 pair of gloves
Will    +....                   o - +2 pair of boots {Fly}
Stlth   ..........              (no amulet)
HPRegen 0.25/turn               s - ring of protection from fire
MPRegen 0.14/turn               (no ring)

@: flying
A: high MP 1, forlorn, divine attributes
a: no special abilities


You were on level 9 of the Dungeon.
You visited 2 branches of the dungeon, and saw 10 of its levels.
You visited the Abyss 1 time.
You also visited: Ossuary.

You collected 783 gold pieces.
You spent 447 gold pieces at shops.

Inventory:

Hand Weapons
 a - a +3 flail
 d - a +5 dire flail of holy wrath (weapon)
 r - a +0 morningstar
Missiles
 e - 2 throwing nets
 h - 42 poisoned darts
 x - 2 silver boomerangs (quivered)
Armour
 b - +0 steam dragon scales
 c - a +0 helmet
 j - a +0 cloak of stealth (worn)
 k - a +1 pair of gloves (worn)
 o - a +2 pair of boots of flying (worn)
 p - a +0 plate armour (worn)
 y - a +2 hat (worn)
Jewellery
 s - a ring of protection from fire (left hand)
 A - a ring of flight
Wands
 l - a wand of paralysis (3)
 w - a wand of flame (9)
Scrolls
 f - a scroll of amnesia
 m - a scroll of magic mapping
 n - 3 scrolls of vulnerability
 t - 3 scrolls of immolation
 u - 3 scrolls of teleportation
Potions
 g - a potion of might
 i - 5 potions of attraction
 q - a potion of mutation
 v - 2 potions of flight


   Skills:
 + Level 7.5 Fighting
 * Level 10.7 Maces & Flails
 + Level 1.8 Throwing
 - Level 8.0 Armour
 * Level 7.1 Dodging
 - Level 3.0 Evocations


You had 10 spell levels left.
You didn't know any spells.
Your spell library contained the following spells:

 Spells                   Type           Power      Damage    Failure   Level
 Apportation              Tloc           0%         N/A       99%         1
 Magic Dart               Conj           0%         1d3       99%         1
 Necrotise                Necr           0%         1d4       99%         1
 Slow                     Hex            0%         N/A       99%         1
 Summon Small Mammal      Summ           0%         N/A       99%         1
 Blink                    Tloc           0%         N/A       99%         2
 Call Imp                 Summ           0%         N/A       99%         2
 Sublimation of Blood     Necr           0%         N/A       99%         2
 Confusing Touch          Hex            0%         N/A       100%        3
 Mephitic Cloud           Conj/Pois/Air  0%         N/A       100%        3
 Vampiric Draining        Necr           0%         2d6       100%        3
 Petrify                  Tmut/Erth      0%         N/A       100%        4
 Irradiate                Conj/Tmut      0%         3d11      100%        5
 Manifold Assault         Tloc           0%         N/A       100%        5
 Storm Form               Tmut/Air       0%         N/A       100%        7


Dungeon Overview and Level Annotations

Branches:
Dungeon (9/15)             Temple (1/1) D:4         Ossuary (visited)
   Lair: D:8-11         Orc: D:9-12

Shops:
D:3 ?   D:9 [


Innate Abilities, Weirdness & Mutations

You have an increased reservoir of magic. (+10% MP)
You shall have no god before yourself.
Your divine heritage dramatically boosts your attributes as you level up.


Message History

The centaur warrior barely misses you.
You puncture the centaur warrior!
The centaur warrior is heavily wounded.
Something hits you! The manticore misses you. The manticore closely misses you.
The manticore claws you but does no damage.
The centaur warrior hits you!
The centaur warrior kicks you but does no damage.
You barely miss the centaur warrior.
The centaur warrior is heavily wounded.
Something hits you but does no damage.
The manticore bites you but does no damage.
The manticore claws you.
The manticore claws you but does no damage.
The centaur warrior hits you but does no damage.
The centaur warrior kicks you but does no damage.
You barely miss the centaur warrior.
The centaur warrior is heavily wounded.
The centaur warrior hits you.
The centaur warrior kicks you but does no damage.
Something hits you but does no damage. The manticore bites you!
* * * LOW HITPOINT WARNING * * *
The manticore claws you but does no damage.
The manticore closely misses you.
You puncture the centaur warrior!
The centaur warrior is severely wounded.
Something hits you but does no damage.
The centaur warrior hits you but does no damage.
The centaur warrior kicks you but does no damage.
The manticore bites you but does no damage.
The manticore claws you!
* * * LOW HITPOINT WARNING * * *
The manticore claws you but does no damage.
Okay, then.
Blink to where?
Press: ? - help, Dir - move target
As you read the scroll of blinking, it crumbles to dust.
You carefully extract the barbed spikes from your body.
The centaur warrior wields a +0 longbow.
The centaur warrior shoots an arrow.
The arrow hits you!
You die...

.
#.####################
#.....................
#####............#....
#....#.......#....
##...##########....
#....# ##....#'#
#....# ...#....#.. ..
#.@..# ....#....#..
...#....# ....#....#..
...'....# ...##....#..
...#....###'#########.
##..#..........# ...
## #. #..........#....
#. . #.......8..'....
#. #. #.......c..#...
#. #.......H..# #.


You could see a centaur warrior.

Vanquished Creatures
  Gastronok (D:8)
  Amaemon (D:8)
  Pikel (D:9)
  Joseph (D:7)
  An orange demon (D:8)
  Maggie (D:9)
  A troll (D:9)
  3 hornets
  A shadow (D:9)
  A yak (D:9)
  A wraith (Ossuary)
  Grum (D:9)
  A steam dragon (D:9)
  Edmund (D:5)
  An acid dragon (D:9)
  3 water moccasins
  An ice beast (D:7)
  2 orc warriors
  A sky beast (D:8)
  3 black bears
  4 wolves (D:9)
  A lemure (D:9)
  A centaur (D:8)
  2 phantoms
  2 kobold brigands (D:9)
  3 bullfrogs
  5 necrophages
  A gnoll sergeant (D:9)
  4 scorpions
  7 wights
  11 killer bees
  3 orc priests
  A hound (D:6)
  A jelly (D:6)
  A gnoll bouda (D:7)
  6 iguanas
  8 orc wizards
  A statue (D:4)
  A mummy (Ossuary)
  12 gnolls
  6 adders
  3 white imps
  2 worms (D:2)
  3 dart slugs
  19 orcs
  12 ball pythons
  6 bats
  9 endoplasms
  5 giant cockroaches
  15 goblins
  6 hobgoblins
  8 jackals
  11 kobolds
  6 quokkas
  A frilled lizard (D:1)
  10 gnoll skeletons (Ossuary)
  5 kobold skeletons (Ossuary)
  10 orc skeletons (Ossuary)
  6 rats
245 creatures vanquished.

Vanquished Creatures (collateral kills)
  A tentacled starspawn (Abyss:2)
  2 large abominations (Abyss:2)
  An iron imp (Abyss:2)
4 creatures vanquished.

Vanquished Creatures (others)
  A human (D:7)
  3 starspawn tentacles (Abyss:2)
4 creatures vanquished.

Grand Total: 253 creatures vanquished

Notes
Turn   | Place    | Note
-------+----------+-------------------------------------------
     0 | D:1      | Anriel the Demigod Gladiator began the quest for the Orb.
     0 | D:1      | Reached XP level 1. HP: 17/17 MP: 3/3
   368 | D:1      | Reached skill level 3 in Maces & Flails
   368 | D:1      | Reached XP level 2. HP: 19/24 MP: 4/4
   971 | D:1      | Reached XP level 3. HP: 27/29 MP: 5/5
  1573 | D:2      | Reached XP level 4. HP: 37/37 MP: 6/6
  2449 | D:3      | Found Toleony's Magic Scroll Emporium.
  2458 | D:3      | Bought a scroll of identify for 20 gold pieces
  2458 | D:3      | Bought a scroll of identify for 20 gold pieces
  2458 | D:3      | Bought a scroll of immolation for 40 gold pieces
  2458 | D:3      | Bought a scroll of enchant armour for 75 gold pieces
  2590 | D:4      | Noticed a black bear
  2597 | D:4      | Killed a black bear
  2598 | D:4      | Reached skill level 4 in Maces & Flails
  2598 | D:4      | Reached skill level 1 in Armour
  2598 | D:4      | Reached XP level 5. HP: 38/44 MP: 7/7
  3037 | D:4      | Reached XP level 6. HP: 17/51 MP: 8/8
  3270 | D:4      | Found a staircase to the Ecumenical Temple.
  3292 | Temple   | Entered the Ecumenical Temple
  3760 | D:5      | Entered Level 5 of the Dungeon
  4229 | D:5      | Reached skill level 5 in Maces & Flails
  4235 | D:5      | Noticed Edmund
  4278 | D:5      | Killed Edmund
  4279 | D:5      | Reached XP level 7. HP: 24/57 MP: 9/9
  5472 | D:3      | Bought a scroll of summoning for 95 gold pieces
  5472 | D:3      | Bought a scroll of vulnerability for 40 gold pieces
  5538 | D:6      | Reached skill level 6 in Maces & Flails
  5550 | D:6      | Reached XP level 8. HP: 47/66 MP: 10/10
  5726 | D:6      | Reached skill level 5 in Armour
  6306 | D:7      | Reached skill level 7 in Maces & Flails
  6361 | D:7      | Found a sand-covered staircase.
  6363 | D:7      | Noticed Joseph
  6399 | D:7      | Killed Joseph
  6400 | D:7      | Reached skill level 5 in Fighting
  6400 | D:7      | Reached skill level 5 in Dodging
  6430 | Ossuary  | Entered an ossuary
  6726 | Ossuary  | Identified a scroll of acquirement
  6726 | Ossuary  | Acquired a +0 cloak of stealth
  6974 | D:7      | Reached XP level 9. HP: 55/74 MP: 11/11
  7434 | D:7      | Reached skill level 8 in Maces & Flails
  7710 | D:8      | Noticed Gastronok
  7725 | D:8      | Killed Gastronok
  7761 | D:8      | Reached skill level 9 in Maces & Flails
  8015 | D:8      | Paralysed by a hornet for 3 turns
  8030 | D:8      | Paralysed by a hornet for 3 turns
  8039 | D:8      | Reached XP level 10. HP: 25/84 MP: 13/13
  8411 | D:8      | Noticed Amaemon
  8433 | D:8      | Killed Amaemon
  8961 | D:9      | Noticed Grum
  8993 | D:9      | Killed Grum
  9137 | D:9      | Noticed Maggie
  9145 | D:9      | Killed Maggie
  9146 | D:9      | Reached skill level 1 in Evocations
  9166 | D:9      | Reached skill level 10 in Maces & Flails
  9485 | D:9      | Noticed a cyclops
  9497 | Abyss:2  | Cast into level 2 of the Abyss (gnoll sergeant)
  9529 | Abyss:2  | Noticed a tentacled starspawn
  9561 | Abyss:2  | Noticed a sixfirhy
  9574 | Abyss:2  | Killed a tentacled starspawn
  9580 | Abyss:2  | Noticed a hell hog
  9580 | Abyss:2  | Noticed a hell hog
  9582 | Abyss:2  | Noticed a starcursed mass
  9582 | Abyss:2  | Noticed a starcursed mass
  9586 | Abyss:2  | Paralysed by accursed screaming for 1 turns
  9591 | Abyss:2  | Noticed a large abomination
  9599 | Abyss:2  | Noticed a thrashing horror
  9600 | Abyss:2  | Killed a large abomination
  9601 | Abyss:2  | Reached XP level 11. HP: 9/92 MP: 14/14
  9604 | Abyss:2  | HP: 3/92 [thrashing horror (7)]
  9605 | D:9      | Escaped the Abyss
  9610 | D:9      | Noticed Pikel
 10200 | D:9      | Killed Pikel
 10291 | D:9      | Found Dajusetz's Antique Armour Boutique.
 10298 | D:9      | Bought a pair of embroidered boots for 157 gold pieces
 10467 | D:9      | Noticed a centaur warrior
 10478 | D:9      | Shot with an arrow by a centaur warrior

Illustrated notes

Levels and vault maps discovered:
D:1:      reono_arrival_mine, layout_basic,
          shapermc_ecumenical_altar_totnotflames
D:2:      cheibrodos_greedy_goblins, layout_rooms, basic_altar
D:3:      layout_rooms, serial_shops, nicolae_lakefront_shop
D:4:      layout_rooms, vehumet_statue, minmay_temple_entry_statues_fountains
D:5:      layout_layer_cave, general_overflow_altar, old_standard_altar,
          kennysheep_small_spiral, uniq_edmund
D:6:      layout_loops_cross
D:7:      layout_basic, tgw_kikubaaqudgha, mainiacjoe_overflow_paths,
          okawaru_ov_weapons_minmay, mainiacjoe_overflow_boulevard,
          enter_ossuary_1, serial_corexii_hall, corexii_hall_statues_deadend,
          corexii_hall_statues_deadend, minmay_stone_trees_small, uniq_joseph
D:8:      layout_basic, nicolae_elyvilon_peaceful_grove, kennysheep_mini,
          serial_glass, glass_columns_c, glass_columns_a, uniq_gastronok,
          uniq_amaemon
D:9:      minmay_the_grid_4x2 [minmay_the_grid_broken_lines,
          minmay_the_grid_small_cups, minmay_the_grid_spikes,
          minmay_the_grid_paths, minmay_the_grid_mess,
          minmay_the_grid_zigzag_pyramid, minmay_the_grid_dragon_b,
          minmay_the_grid_prize_big_room], layout_gridville,
          nicolae_overflow_crystal_walls, nicolae_qazlal_style_of_elements,
          marbit_many_paths, serial_shops, kennysheep_little_box,
          minmay_three_doors, uniq_pikel, uniq_grum, uniq_erolcha, uniq_maggie
Temple:   chequers_temple_sunken

Skill      XL: |  1  2  3  4  5  6  7  8  9 10 11 |
---------------+----------------------------------+-----
Fighting       | 2 3 4 5 6 7 |  7.5
Maces & Flails | 3 4 5 6 7 9 10 | 10.7
Dodging        | 3 5 6 7 |  7.1
Armour         | 1 2 3 4 5 7 8 |  8.0
Evocations     | 2 3 |  3.0
Throwing       | |  1.8

Action                   |  1- 3 |  4- 6 |  7- 9 | 10-12 || total
-------------------------+-------+-------+-------+-------++-------
Melee: Flail             |   168 |    52 |       |       ||   220
       Punch             |     1 |     1 |       |       ||     2
       Morningstar       |       |    91 |     5 |       ||    96
       Dire flail        |       |       |   246 |   195 ||   441
Throw: Javelin           |     4 |     1 |       |       ||     5
       Boomerang         |       |     5 |       |     5 ||    10
       Dart              |       |     3 |     2 |       ||     5
       Throwing net      |       |     3 |       |       ||     3
  Use: Scroll            |     6 |     8 |    10 |     7 ||    31
       Potion            |       |     4 |     9 |     4 ||    17
 Stab: Held in net/web   |       |     1 |       |       ||     1
       Invisible         |       |       |       |     4 ||     4
Armor: Leather armour    |    16 |       |       |       ||    16
       Scale mail        |    68 |    26 |       |       ||    94
       Plate armour      |       |    53 |   135 |   135 ||   323
       Skin              |       |       |    14 |     1 ||    15
Dodge: Dodged            |   124 |    79 |    84 |   114 ||   401
